 Dungeon Crawl Stone Soup version 0.26-a0-264-g3a471323bd (webtiles) character file.

Game seed: 16295777846634523661

519 BritishOli the Skirmisher (level 7, 0/55 HPs)
             Began as a Demonspawn Fighter on July 11, 2020.
             Was a Follower of Okawaru.
             Killed from afar by Natasha (5 damage)
             ... with a magic dart
             ... on level 4 of the Dungeon.
             The game lasted 00:04:11 (3790 turns).

BritishOli the Skirmisher (Demonspawn Fighter)      Turns: 3790, Time: 00:04:12

Health: 0/55       AC:  7    Str: 19    XL:     7   Next: 1%
Magic:  16/16      EV:  7    Int:  9    God:    Okawaru [*.....]
Gold:   187        SH:  9    Dex: 12    Spells: 6/6 levels left

rFire    . . .     SeeInvis .   a - +0 long sword
rCold    . . .     Faith    +   c - +0 kite shield
rNeg     . . .     Spirit   .   b - +0 scale mail
rPois    .         Reflect  .   (no helmet)
rElec    .         Harm     .   (no cloak)
rCorr    .                      (no gloves)
MR       .....                  (no boots)
Stlth    ..........             t - amulet of faith
HPRegen  0.18/turn              j - ring of magical power
MPRegen  0.15/turn              (no ring)

@: mighty, slowed, very slow
A: hooves 1, powered by death 1, rot immunity
a: Heroism, Renounce Religion


You were on level 4 of the Dungeon.
You worshipped Okawaru.
Okawaru was aware of your devotion.
You were not hungry.

You visited 1 branch of the dungeon, and saw 4 of its levels.

You collected 187 gold pieces.

Inventory:

Hand Weapons
 a - a +0 long sword (weapon)
Armour
 b - a +0 scale mail (worn)
 c - a +0 kite shield (worn)
 n - a +0 plate armour
Jewellery
 j - a ring of magical power (left hand)
 t - an amulet of faith (around neck)
Scrolls
 h - 2 scrolls of magic mapping {unknown}
 i - 3 scrolls of amnesia {unknown}
 k - 3 scrolls of remove curse {unknown}
 l - 2 scrolls of noise {unknown}
 o - a scroll of enchant weapon {unknown}
 p - 4 scrolls of identify {unknown}
 r - a scroll of teleportation {unknown}
Potions
 g - a potion of flight
 m - 2 potions of mutation {unknown}
 q - 2 potions of cancellation {unknown}
 s - a potion of stabbing {unknown}
Comestibles
 f - 13 rations


   Skills:
 + Level 4.7 Fighting
 + Level 3.7 Long Blades
 + Level 4.2 Armour
 + Level 4.3 Shields


You had 6 spell levels left.
You didn't know any spells.
Your spell library contained the following spells:

 Spells                   Type           Power        Failure   Level
 Beastly Appendage        Tmut           #.....       99%         1
 Sticks to Snakes         Tmut           #.......     100%        2
 Spider Form              Tmut/Pois      #.........   100%        3
 Ice Form                 Ice/Tmut       #.......     100%        4
 Blade Hands              Tmut           #.........   100%        5


Dungeon Overview and Level Annotations

Branches:
Dungeon (4/15)
 Temple: D:4-7

Altars:
Elyvilon
Nemelex Xobeh
Okawaru
Ru
Vehumet

Annotations:
D:4 Blork the orc, Natasha, Pikel


Innate Abilities, Weirdness & Mutations

You have large cloven feet.
You regenerate a little health from kills.
You are immune to rotting.


Message History

Pikel is almost dead.
You block Natasha's attack. Pikel barely misses you.
You block Natasha's attack. The white imp gestures at you.
The puff of frost hits you.
* * * LOW HITPOINT WARNING * * *
You block Pikel's attack. Natasha claws you.
* * * LOW HITPOINT WARNING * * *
You aren't carrying any items that you can evoke.
Unknown command.
You feel very mighty all of a sudden.
Natasha mumbles some strange words.
The white imp hits you.
* * * LOW HITPOINT WARNING * * *
The white imp freezes you.
* * * LOW HITPOINT WARNING * * *
Pikel hits you but does no damage.
Natasha stares at you and mumbles some strange words.
The magic dart hits you.
You die...

..##...####.#... .##
#.......>##.# # ..
#.#.....##... #.
#....##...... #.
####..#.####..##
#####.###.....#..###.###
..........##.###.....#
......5h##..........##
.......@##..........# #
.....5.K##..........# #
.....)..##..........# ##
........................
........##########...###
........# ###....
........# ###. .########
#. #


You could see Pikel, Natasha (fast), a white imp (summoned) and a shadow imp
(summoned).

Vanquished Creatures
  An ice beast (D:3)
  An ogre (D:4)
  4 lemures (D:3)
  A howler monkey (D:4)
  An orc priest (D:3)
  A centaur skeleton (D:4)
  An iguana (D:3)
  Natasha (D:4)
  2 orc wizards (D:3)
  A hound skeleton (D:4)
  3 adders
  4 worms
  2 dart slugs
  4 leopard geckos
  7 orcs
  A giant cockroach (D:4)
  3 goblins
  7 hobgoblins
  8 jackals (D:2)
  11 kobolds
  2 quokkas
  7 bats
  11 frilled lizards
  7 rats
91 creatures vanquished.

Notes
Turn   | Place    | Note
-------+----------+-------------------------------------------
     0 | D:1      | BritishOli the Demonspawn Fighter began the quest for the
                  | Orb.
     0 | D:1      | Reached XP level 1. HP: 18/18 MP: 1/1
   180 | D:1      | Gained mutation: You have large cloven feet. [demonic
                  | ancestry]
   180 | D:1      | Reached XP level 2. HP: 22/24 MP: 2/2
   588 | D:2      | Found a radiant altar of Vehumet.
   631 | D:2      | Gained mutation: You are immune to rotting. [demonic
                  | ancestry]
   631 | D:2      | Reached XP level 3. HP: 12/29 MP: 3/3
  1264 | D:2      | Found a sacrificial altar of Ru.
  1467 | D:2      | Found a white marble altar of Elyvilon.
  1650 | D:2      | Found an iron altar of Okawaru.
  1658 | D:2      | Reached XP level 4. HP: 33/36 MP: 4/4
  1661 | D:2      | Became a worshipper of Warmaster Okawaru
  2374 | D:3      | Gained mutation: You regenerate a little health from kills.
                  | [demonic ancestry]
  2374 | D:3      | Reached XP level 5. HP: 42/42 MP: 5/5
  2453 | D:3      | Noticed an ice beast
  2524 | D:3      | Killed an ice beast
  2650 | D:4      | Noticed an ogre
  2844 | D:3      | Reached XP level 6. HP: 42/48 MP: 6/6
  2970 | D:4      | Reached * piety under Okawaru
  3079 | D:4      | Found a sparkling altar of Nemelex Xobeh.
  3099 | D:4      | Noticed Natasha
  3105 | D:4      | Killed Natasha
  3154 | D:4      | Noticed Blork the orc
  3760 | D:4      | Reached XP level 7. HP: 54/55 MP: 7/7
  3773 | D:4      | Noticed Pikel
  3779 | D:4      | Noticed Natasha
  3790 | D:4      | Killed from afar by Natasha

Illustrated notes

Levels and vault maps discovered:
D:1:      lightli_iron_boxes, layout_rooms
D:2:      wander_river, layout_loops_ring, elyvilon_altar_1, okawaru_trees_1,
          vehumet_crystals, lemuel_coloured_pillars_altar
D:3:      layout_basic, first_ration
D:4:      layout_rooms, tgw_sif, nemelex_lonely_heart_becter, uniq_natasha,
          uniq_pikel

Skill      XL: |  1  2  3  4  5  6 |
---------------+-------------------+-----
Long Blades    | 2 3 |  3.7
Armour         | 3 4 |  4.2
Shields        | 3 4 |  4.3
Fighting       | 4 |  4.7

Action                   |  1- 3 |  4- 6 |  7- 9 || total
-------------------------+-------+-------+-------++-------
Melee: Long sword        |   151 |   182 |    12 ||   345
       Kick              |    27 |    57 |     4 ||    88
Evoke: Wand              |       |     3 |     2 ||     5
  Use: Potion            |     2 |       |     1 ||     3
  Eat: Ration            |     1 |     2 |       ||     3
Armor: Scale mail        |    87 |    61 |    14 ||   162
Dodge: Dodged            |    59 |    41 |     4 ||   104
Block: Kite shield       |    93 |    96 |    14 ||   203
       Rpst.: Long sword |    19 |     9 |     1 ||    29

Table legend:
 A = Non-vault XP
 B = Vault XP
 C = Vault XP percentage of total XP
 D = Non-vault monster count
 E = Vault monster count
 F = Vault count percentage of total count
                 A         B        C        D         E       F
            +---------+---------+-------+---------+---------+-------
      Total |     707 |      35 |   4.7 |      86 |       1 |   1.1
            +---------+---------+-------+---------+---------+-------
        D:1 |      27 |       0 |   0.0 |      17 |       0 |   0.0
        D:2 |      75 |       0 |   0.0 |      31 |       0 |   0.0
        D:3 |     342 |       0 |   0.0 |      26 |       0 |   0.0
        D:4 |     263 |      35 |  11.7 |      12 |       1 |   7.7
            +---------+---------+-------+---------+---------+-------
